 Dungeon Crawl Stone Soup version 0.26.1-10-gdfb7c7de75 (webtiles) character file.

Game seed: 17679538116045869712

14 phalm the Vexing (level 2, -1/16 HPs)
             Began as a Kobold Arcane Marksman on Apr 6, 2021.
             Slain by a gnoll
             ... wielding a +0 spear
              (8 damage)
             ... on level 1 of the Dungeon.
             The game lasted 00:02:58 (787 turns).

phalm the Vexing (Kobold Arcane Marksman)            Turns: 787, Time: 00:02:59

Health: -1/16      AC:  2    Str:  7    XL:     2   Next: 60%
Magic:  4/4        EV: 14    Int: 14    God:
Gold:   58         SH:  4    Dex: 15    Spells: 2/3 levels left

rFire    . . .     SeeInvis .   a - +0 hand crossbow
rCold    . . .     Faith    .   h - +0 buckler
rNeg     . . .     Spirit   .   e - +0 robe
rPois    .         Reflect  .   (no helmet)
rElec    .         Harm     .   (no cloak)
rCorr    .         Rampage  .   (no gloves)
Will     .....                  (no boots)
Stlth    ++........             (no amulet)
HPRegen  0.05/turn              (no ring)
MPRegen  0.09/turn              (no ring)

@: no status effects
A: small, nightstalker 3
a: no special abilities


You were on level 1 of the Dungeon.
You visited 1 branch of the dungeon, and saw 1 of its levels.

You collected 58 gold pieces.

Inventory:

Hand Weapons
 a - a +0 hand crossbow (weapon)
 b - a +0 dagger
Missiles
 d - 19 bolts (quivered ammo)
Armour
 e - a +0 robe (worn)
 g - a +0 leather armour
 h - a +0 buckler (worn)
Jewellery
 f - an uncursed amulet of faith {unknown}
Scrolls
 c - a scroll of random uselessness {unknown}


   Skills:
 - Level 1.1 Fighting
 * Level 0.7 Short Blades
 * Level 2.9 Crossbows
 - Level 2.4 Dodging
 + Level 0.0 Stealth
 * Level 0.0 Shields
 + Level 1.4 Spellcasting
 * Level 3.2 Hexes


You had 2 spell levels left.
You knew the following spells:

 Your Spells              Type           Power        Failure   Level
a - Corona                Hex            11%          11%         1

Your spell library contained the following spells:

 Spells                   Type           Power        Failure   Level
 Slow                     Hex            10%          17%         2
 Inner Flame              Hex/Fire       5%           54%         3
 Portal Projectile        Hex/Tloc       10%          54%         3
 Cause Fear               Hex            5%           73%         4
 Leda's Liquefaction      Hex/Erth       2%           91%         4


Dungeon Overview and Level Annotations

Branches:
Dungeon (1/15)

Altars:


Innate Abilities, Weirdness & Mutations

You are small and have problems with some larger weapons.
You are completely attuned to the shadows.


Message History

The helpless gnoll fails to defend itself.
You hit the gnoll.
The gnoll is moderately wounded.
The gnoll completely misses you.
You hit the gnoll.
The gnoll is moderately wounded.
The gnoll hits you with a +0 spear!
Ouch! That really hurt!
You are too injured to fight recklessly!
You are too injured to fight recklessly!
You are too injured to fight recklessly!
You are too injured to fight recklessly!
You are too injured to fight recklessly!
You are too injured to fight recklessly!
The gnoll closely misses you.
Your magical contamination has completely faded away.
a - a +0 hand crossbow (weapon)
The gnoll hits you from afar with a +0 spear!
Ouch! That really hurt!
You die...

#.### #.# #...###.#
####.#.##..## #...........#
..# #..#.....#..#
##..#.##.#
###.##8###8##.####........#
.....#.............#.......
##...#.....#..####.........
#...#..<..#...>@.g........
#...#.....#...#####......#
#[.....[..#...# ###.##.#
##.##8###8##..# #... .
#.##.....#..## ####
#...........# #♣♣♣♣
####.#####..# ##♣...P #.#
##.# #...... #.# #.#
#.♣♣♣P♣


You could see a gnoll.

Vanquished Creatures
  A leopard gecko (D:1)
  A giant cockroach (D:1)
  3 hobgoblins (D:1)
  2 bats (D:1)
  2 frilled lizards (D:1)
  2 goblins (D:1)
  2 rats (D:1)
13 creatures vanquished.

Notes
Turn   | Place    | Note
-------+----------+-------------------------------------------
     0 | D:1      | phalm the Kobold Arcane Marksman began the quest for the
                  | Orb.
     0 | D:1      | Reached XP level 1. HP: 12/12 MP: 2/2
   184 | D:1      | Reached XP level 2. HP: 16/16 MP: 3/3
   787 | D:1      | Slain by a gnoll

Illustrated notes

Levels and vault maps discovered:
D:1:      scummos_arrival_simple_crosswalls, layout_loops_ring, serial_forest,
          infiniplex_forest_clump_double, infiniplex_forest_straight_4,
          infiniplex_forest_corner_2, infiniplex_forest_lined_3_way,
          infiniplex_forest_lined_3, infiniplex_forest_end_3,
          infiniplex_forest_clump_curved

Action                   || total
-------------------------++-------
Melee: Dagger            ||    29
 Fire: Hand crossbow     ||     7
 Stab: Sleeping          ||     1
Armor: Robe              ||    11
Dodge: Dodged            ||    25
